 Dungeon Crawl Stone Soup version 0.27-a0-323-gbd089401bb (webtiles) character file.

Game seed: 10165507586518929896

8532 gimp the Thaumaturge (level 11, -5/70 HPs)
             Began as a Vampire Necromancer on Feb 10, 2021.
             Was an Elder of Sif Muna.
             Slain by a wraith (10 damage)
             ... led by Josephine
             ... on level 10 of the Dungeon.
             The game lasted 00:37:52 (11931 turns).

gimp the Thaumaturge (Vampire Necromancer)         Turns: 11931, Time: 00:37:52

Health: -5/70      AC:  4    Str:  7    XL:     11   Next: 11%
Magic:  26/26      EV: 18    Int: 22    God:    Sif Muna [****..]
Gold:   314        SH:  6    Dex: 20    Spells: 28/32 levels left

rFire    + . .     SeeInvis +   b - +5 short sword (freeze)
rCold    + + .     Faith    +   i - +0 buckler
rNeg     . . .     Spirit   .   F - +0 robe {rC+ rF+}
rPois    .         Reflect  .   (no helmet)
rElec    .         Harm     .   h - +1 cloak
rCorr    .         Rampage  .   (no gloves)
Will     +....                  (no boots)
Stlth    +++++.....             M - amulet of faith
HPRegen  0.41/turn              m - +6 ring of dexterity
MPRegen  0.20/turn              x - ring of protection from cold

@: regenerating quickly, slowed, very slow
A: fangs 3, see invisible, unbreathing
a: Exsanguinate, Renounce Religion, Channel Magic, Forget Spell, Divine Exegesis


You were on level 10 of the Dungeon.
You worshipped Sif Muna.
Sif Muna was greatly pleased with you.
You visited 2 branches of the dungeon, and saw 11 of its levels.

You collected 530 gold pieces.
You spent 216 gold pieces at shops.

Inventory:

Hand Weapons
 a - a +2 dagger of venom
 b - a +5 short sword of freezing (weapon)
Missiles
 k - 52 poisoned darts
 I - 3 curare-tipped darts
Armour
 h - a +1 cloak (worn)
 i - a +0 buckler (worn)
 F - a +0 robe of resistance (worn)
Magical Staves
 y - a staff of earth
Jewellery
 m - a +6 ring of dexterity (left hand)
 s - a +6 ring of dexterity
 v - a ring of resist corrosion
 x - a ring of protection from cold (right hand)
 z - a ring of flight
 D - an amulet of reflection
 M - an amulet of faith (around neck)
Wands
 p - a wand of random effects (11) (quivered)
 A - a wand of digging (6)
 G - a wand of paralysis (10)
 H - a wand of mindburst (11)
Scrolls
 g - 2 scrolls of immolation
 j - 3 scrolls of amnesia
 n - 2 scrolls of fog
 o - 2 scrolls of magic mapping
 t - 5 scrolls of teleportation
 C - a scroll of brand weapon
 E - a scroll of enchant weapon
 J - a scroll of enchant armour
Potions
 c - a potion of lignification
 d - 2 potions of might
 e - a potion of ambrosia
 f - 4 potions of curing
 l - 2 potions of flight
 r - 2 potions of magic
 u - a potion of mutation {unknown}
 w - 5 potions of brilliance
 B - 3 potions of haste
 K - a potion of heal wounds {unknown}
 L - a potion of berserk rage {unknown}


   Skills:
 - Level 1.0 Fighting
 + Level 6.4 Short Blades
 + Level 7.3 Dodging
 - Level 10.4 Stealth
 - Level 4.0 Shields
 - Level 11.0 Spellcasting
 + Level 6.4 Necromancy


You had 28 spell levels left.
You knew the following spells:

 Your Spells              Type           Power        Failure   Level
a - Pain                  Necr           100%         1%          1
b - Vampiric Draining     Necr           20%          1%          3

Your spell library contained the following spells:

 Spells                   Type           Power        Failure   Level
 Animate Skeleton         Necr           80%          1%          1
 Animate Dead             Necr           20%          3%          4
 Agony                    Necr           40%          11%         5
 Bolt of Magma            Conj/Fire/Erth 6%           83%         5
 Iskenderun's Battlesphe  Conj           12%          83%         5
 Iron Shot                Conj/Erth      6%           100%        6
 Orb of Destruction       Conj           6%           100%        7
 Spellforged Servitor     Conj/Summ      6%           100%        7


Dungeon Overview and Level Annotations

Branches:
Dungeon (10/15)            Temple (1/1) D:6
   Lair: D:8-11         Orc: D:9-12

Altars:
Ashenzari
Cheibriados
Dithmenos
Elyvilon
Fedhas
Gozag
Hepliaklqana
Kikubaaqudgha
Makhleb
Nemelex Xobeh
Okawaru
Qazlal
Ru
Sif Muna
Trog
Uskayaw
Vehumet
Wu Jian
Xom
Yredelemnul
Zin
The Shining One

Shops:
D:6 [   D:7 *   D:8 :   D:9 *   D:10 *

Annotations:
D:10 Josephine


Innate Abilities, Weirdness & Mutations

Your natural rate of healing is unusually fast.
You have razor-sharp teeth.
You have supernaturally acute eyesight. (SInv)
You can survive without breathing.


Message History

Aiming: Pain (safe; 1% risk of failure)
Press: ? - help, Shift-Dir - straight line, f - basilisk
Aim: a basilisk (chance to affect: 84%)
The basilisk writhes in agony!
You now have 25/26 mp.
MP restored: 26 The basilisk gazes at you.
You are slowing down.
Your limbs are stiffening.
The quokka bites you.
You have turned to stone.
The orc knight hits you from afar with a +0 bardiche!
The quokka bites you but does no damage.
The basilisk barely misses you. The quokka bites you. The basilisk bites you!
The orc knight completely misses you. The quokka bites you.
The quokka bites you. The basilisk bites you!
The orc knight hits you from afar with a +0 bardiche!!
A slime creature comes into view.
The quokka bites you. The basilisk gazes at you.
You easily resist.
The wraith barely misses you. The quokka barely misses you.
The basilisk bites you. The wraith hits you! The wraith drains your vigour!
You feel yourself slow down.
The orc knight hits you from afar with a +0 bardiche!
The quokka completely misses you. The wraith hits you.
The wraith drains your vigour!
You feel as though you will be slow longer.
The basilisk bites you!!
* * * LOW HITPOINT WARNING * * *
The quokka bites you.
The orc knight hits you from afar with a +0 bardiche!!
* * * LOW HITPOINT WARNING * * *
You turn to flesh and can move again.
There is a stone staircase leading up, spattered with blood here.
You take 67 damage, and have 3/70 hp.
MASSIVE DAMAGE!!
Unknown command.
Okay, then.
The wraith closely misses you. The basilisk closely misses you.
The wraith hits you!
You die...

#......#.#..#.#...........
#.W........##..........###
#@######.###..#######..#
#.....# #..#
#..###########..###
######..................
..........W..o...........
.........########o.......
........@# #........
.......JW########........
.........l...............
.........o<..............
.........................
########..##########..##
....# #.... ...... ......
......... ......


You could see an orc knight, a slime creature, a basilisk and a wraith.

Vanquished Creatures
  A hydra (D:10)
  A centaur warrior (D:10)
  An unseen horror (D:10)
  Pikel (D:6)
  A gargoyle (D:10)
  Prince Ribbit (D:5)
  A slime creature (D:9)
  A wraith (D:10)
  6 yaks (D:9)
  Menkaure (D:6)
  An ice beast (D:7)
  5 orc warriors
  A black bear (D:7)
  An eye of draining (D:10)
  2 ogres (D:7)
  3 centaurs
  3 phantoms
  4 kobold brigands
  4 bullfrogs
  A wyvern skeleton (D:8)
  4 scorpions
  The ghost of tabyourdongers the Sneak, a weakling TrDe (D:9)
  6 killer bees (D:7)
  9 wights
  A quasit (D:9)
  3 centaur zombies
  5 hounds
  4 jellies
  A bullfrog skeleton (D:4)
  4 orc priests
  2 iguanas
  18 orc wizards
  7 worker ants
  2 killer bee zombies (D:7)
  2 hound skeletons
  A howler monkey zombie (D:10)
  8 adders
  A shadow imp (D:7)
  7 white imps
  4 ufetubi
  2 oozes
  An adder skeleton (D:6)
  2 worms
  3 dart slugs
  4 leopard geckos
  28 orcs
  9 bats
  3 giant cockroaches
  12 goblins
  7 hobgoblins
  19 jackals
  22 kobolds
  7 quokkas
  A ball python (D:3)
  5 frilled lizards (D:2)
  A jackal skeleton (D:4)
  A leopard gecko skeleton (D:6)
  6 rats
263 creatures vanquished.

Vanquished Creatures (others)
  An orc wizard (D:6)
  A fungus (D:10)
  6 plants
8 creatures vanquished.

Grand Total: 271 creatures vanquished

Notes
Turn   | Place    | Note
-------+----------+-------------------------------------------
     0 | D:1      | gimp the Vampire Necromancer began the quest for the Orb.
     0 | D:1      | Reached XP level 1. HP: 13/13 MP: 3/3
   309 | D:1      | Reached XP level 2. HP: 20/20 MP: 3/5
   543 | D:1      | Reached skill level 5 in Necromancy
   671 | D:1      | Reached skill level 1 in Fighting
  1005 | D:2      | Found a white marble altar of Elyvilon.
  1101 | D:2      | Reached XP level 3. HP: 24/26 MP: 2/6
  1229 | D:2      | Learned a level 3 spell: Vampiric Draining
  1258 | D:2      | Reached skill level 1 in Short Blades
  1991 | D:3      | Reached XP level 4. HP: 31/32 MP: 4/7
  2416 | D:3      | Found a glowing silver altar of Zin.
  2416 | D:3      | Found a broken altar of Ashenzari.
  2954 | D:4      | Reached XP level 5. HP: 26/37 MP: 0/8
  3196 | D:4      | Reached XP level 6. HP: 38/43 MP: 0/9
  3204 | D:4      | Reached skill level 5 in Short Blades
  3508 | D:4      | Noticed an orc warrior
  3524 | D:4      | Killed an orc warrior
  3525 | D:4      | Reached skill level 1 in Shields
  4011 | D:5      | Entered Level 5 of the Dungeon
  4104 | D:5      | Noticed Prince Ribbit
  4128 | D:5      | Killed Prince Ribbit
  4129 | D:5      | Reached XP level 7. HP: 25/48 MP: 2/10
  4788 | D:6      | Found a staircase to the Ecumenical Temple.
  4800 | Temple   | Entered the Ecumenical Temple
  5040 | Temple   | Became a worshipper of Sif Muna the Loreminder
  5187 | D:6      | Found Juemifem's Antique Armour Shoppe.
  5555 | D:6      | Reached XP level 8. HP: 42/54 MP: 4/12
  5628 | D:6      | Reached skill level 3 in Spellcasting
  6417 | D:6      | Reached skill level 5 in Dodging
  6417 | D:6      | Reached skill level 4 in Spellcasting
  6668 | D:6      | Noticed Menkaure
  6680 | D:6      | Killed Menkaure
  6897 | D:7      | Reached skill level 5 in Spellcasting
  7098 | D:7      | Found a sacrificial altar of Ru.
  7206 | D:7      | Reached * piety under Sif Muna
  7226 | D:7      | Reached skill level 6 in Spellcasting
  7226 | D:7      | Reached XP level 9. HP: 59/59 MP: 7/18
  7324 | D:7      | Found Soicoley's Assorted Antiques.
  7335 | D:7      | Bought a scroll labelled PYOJENK NOUGH for 27 gold pieces
  7335 | D:7      | Bought a scroll labelled DATHRIS QIZU BAKH for 27 gold
                  | pieces
  7335 | D:7      | Bought a scroll of identify for 54 gold pieces
  7335 | D:7      | Bought 3 scrolls labelled PYOJENK NOUGH for 81 gold pieces
  7335 | D:7      | Bought a scroll labelled NUBARCHAOPS for 27 gold pieces
  7340 | D:7      | Noticed Pikel
  7363 | D:6      | Killed Pikel
  7582 | D:7      | Reached skill level 7 in Spellcasting
  8082 | D:7      | Reached ** piety under Sif Muna
  8083 | D:7      | Reached skill level 5 in Stealth
  8083 | D:7      | Reached skill level 8 in Spellcasting
  8324 | D:8      | Found a shimmering altar of Xom.
  8843 | D:8      | Found Sahyromy's Book Boutique.
  8924 | D:8      | Reached XP level 10. HP: 58/62 MP: 22/22
  9258 | D:8      | Reached skill level 9 in Spellcasting
  9287 | D:9      | Found a runed translucent door.
  9291 | D:9      | Noticed tabyourdongers's ghost (weakling TrDe)
  9365 | D:9      | Reached *** piety under Sif Muna
 10119 | D:10     | Entered Level 10 of the Dungeon
 10123 | D:10     | Noticed a centaur warrior
 10134 | D:10     | Killed a centaur warrior
 10327 | D:10     | Noticed an unseen horror
 10341 | D:10     | Killed an unseen horror
 10342 | D:10     | Reached skill level 10 in Spellcasting
 10455 | D:10     | Noticed an orc knight
 10455 | D:10     | Noticed a five-headed hydra
 10460 | D:10     | Noticed a gargoyle
 10520 | D:10     | Found Babes's Lightly-Used Armoury.
 10540 | D:10     | Killed a gargoyle
 10937 | D:9      | Reached skill level 10 in Stealth
 11030 | D:10     | Reached **** piety under Sif Muna
 11038 | D:10     | Killed a five-headed hydra
 11039 | D:10     | Reached skill level 11 in Spellcasting
 11180 | D:9      | Reached XP level 11. HP: 63/70 MP: 22/26
 11333 | D:9      | Killed tabyourdongers's ghost
 11835 | D:10     | Noticed Josephine
 11928 | D:10     | HP: 3/70 [orc knight/+0 bardiche (11)]
 11931 | D:10     | Slain by a wraith

Illustrated notes

Levels and vault maps discovered:
D:1:      wander_arrival_estate, layout_rooms
D:2:      layout_rooms, elyvilon_altar_3, serial_bayou_pond_a
D:3:      layout_basic, gammafunk_temple_overflow_wave, hex_large
D:4:      layout_rooms
D:5:      layout_basic, serial_bayou_crossing, uniq_prince_ribbit1
D:6:      minmay_flawed_box, layout_basic, temple_statues, serial_shops,
          nicolae_shop_overgrown_old_shop, uniq_menkaure
D:7:      minmay_bubble_buster, layout_loops_ring, kennysheep_little_box,
          serial_shops, nicolae_shop_trees, uniq_pikel
D:8:      layout_rooms, serial_shops, shop, basic_altar
D:9:      layout_irregular_city, hellmonk_ghost_happy_afterlife,
          minmay_misc_feat_hallway, minmay_misc_feat_pillars
D:10:     layout_long_grid, david_lair_generic, david_orc_4, eino_curves_02,
          minmay_shop_damaged, minmay_bent, uniq_sonja, uniq_josephine
Temple:   dpeg_five_rooms_temple

Skill      XL: |  1  2  3  4  5  6  7  8  9 10 |
---------------+-------------------------------+-----
Necromancy     | 5 6 |  6.4
Fighting       | 1 |  1.0
Short Blades   | 1 3 4 6 |  6.4
Shields        | 3 4 |  4.0
Dodging        | 3 4 6 7 |  7.3
Spellcasting   | 6 8 11 | 11.0
Stealth        | 6 10 | 10.4

Action                   |  1- 3 |  4- 6 |  7- 9 | 10-12 || total
-------------------------+-------+-------+-------+-------++-------
Melee: Unarmed           |     2 |       |       |       ||     2
       Dagger            |    20 |    61 |   274 |   162 ||   517
       Bite              |     2 |     3 |    69 |    27 ||   101
       Short sword       |       |       |   187 |    49 ||   236
 Cast: Pain              |   101 |    95 |    89 |    96 ||   381
       Vampiric Draining |       |     2 |    21 |    38 ||    61
Evoke: Wand              |       |       |     2 |     3 ||     5
  Use: Scroll            |     6 |     2 |    11 |     1 ||    20
       Potion            |       |       |     4 |       ||     4
 Stab: Distracted        |       |     1 |       |       ||     1
       Sleeping          |       |       |     9 |     4 ||    13
       Paralysed         |       |       |       |     2 ||     2
Armor: Robe              |     7 |     9 |    25 |    22 ||    63
       Skin              |       |       |    12 |       ||    12
Dodge: Dodged            |    21 |    29 |   226 |   130 ||   406
Block: Buckler           |       |       |   149 |    60 ||   209
       Reflection        |       |       |     8 |     2 ||    10

Table legend: (Time is in decaauts)
 A = Elapsed time spent in this place.
 B = Non-inter-level travel time spent in this place.
 C = Inter-level travel time spent in this place.
 D = Time resting spent in this place.
 E = Time spent auto-exploring this place.
 F = Levels seen in this place.
 G = Mean time per level.
                   A        B        C        D        E       F      G
               +--------+--------+--------+--------+--------+-----+--------+
         Total |  11749 |  11215 |    534 |    846 |   7668 |  11 | 1068.1 |
       Dungeon |  11479 |  11000 |    479 |    846 |   7456 |  10 | 1147.9 |
        Temple |    269 |    214 |     55 |      0 |    212 |   1 |  269.0 |
               +--------+--------+--------+--------+--------+-----+--------+

Top non-repeatable levels by time:
     D:6: 1935 daAuts
     D:9: 1508 daAuts
     D:7: 1385 daAuts
     D:3: 1321 daAuts
    D:10: 1121 daAuts
     D:4: 952 daAuts
     D:1: 933 daAuts
     D:8: 799 daAuts
     D:2: 792 daAuts
     D:5: 729 daAuts
  Temple: 269 daAuts
